 Dungeon Crawl Stone Soup version 0.27-a0-1448-g9c78c815f3 (webtiles) character file.

Game seed: 12490655990326771629

57 Lekart the Skirmisher (level 3, -7/33 HPs)
             Began as a Draconian Chaos Knight on July 5, 2021.
             Was a Plaything of Xom.
             Mangled by a harpy (shapeshifter) (8 damage)
             ... on level 2 of the Dungeon.
             The game lasted 00:02:31 (1922 turns).

Lekart the Skirmisher (Draconian Chaos Knight)      Turns: 1922, Time: 00:02:32

Health: -7/33      AC:  5    Str: 10      XL:     3   Next: 73%
Magic:  3/3        EV: 12    Int: 12      God:    Xom [....*.]
Gold:   3          SH:  0    Dex:  9 (11) Spells: 2/2 levels left

rFire    . . .     SeeInvis .   a - +0 falchion (chaos)
rCold    . . .     Faith    .   (no shield)
rNeg     . . .     Spirit   .   (armour unavailable)
rPois    +         Reflect  .   (helmet restricted)
rElec    .         Harm     .   (no cloak)
rCorr    .         Rampage  .   (no gloves)
Will     .....                  (no boots)
Stlth    +.........             (no amulet)
HPRegen  0.11/turn              (no ring)
MPRegen  0.08/turn              (no ring)

@: no status effects
A: AC +5, unfitting armour, cold-blooded, deterioration 1, poison resistance,
weak 2, noise suppression
a: Renounce Religion


You were on level 2 of the Dungeon.
You worshipped Xom.
You were a beloved toy of Xom.
You visited 1 branch of the dungeon, and saw 2 of its levels.

You collected 3 gold pieces.

Inventory:

Hand Weapons
 a - a +0 falchion of chaos (weapon)
Wands
 b - a wand of paralysis (10)
Scrolls
 d - a scroll of vulnerability {unknown}
Potions
 c - a potion of might {unknown}
 e - 2 potions of curing {unknown}


   Skills:
 + Level 4.0 Fighting
 + Level 3.7 Long Blades
 * Level 2.8 Dodging


You had 2 spell levels left.
You didn't know any spells.
Your spell library was empty.

Dungeon Overview and Level Annotations

Branches:
Dungeon (2/15)

Altars:
Xom


Innate Abilities, Weirdness & Mutations

Your plain brown scales are hard. (AC +5)
You cannot fit into any form of body armour.
You are cold-blooded and may be slowed by cold attacks.
Your body sometimes deteriorates upon taking damage.
Your system is resistant to poisons. (rPois)
You are very weak. (Str -4)
You passively dampen the noise of your surroundings.


Message History

A rat comes into view.
A kobold comes into view. It is wielding a +0 short sword.
The kobold throws a stone.
The stone misses you.
Found a scroll labelled HEUCEA HO VOIRPH.
There are monsters nearby!
The rat closely misses you.
There are monsters nearby!
There are monsters nearby!
You hit the rat.
You kill the rat!
The kobold throws a stone.
The stone closely misses you.
The kobold throws a stone.
The stone hits you but does no damage.
A kobold is nearby!
You hit the kobold but do no damage.
The kobold changes into a shapeshifter!
Xom is amused.
Your tail-slap misses the shapeshifter.
The shapeshifter changes into a harpy!
A harpy is nearby!
You hit the harpy. You freeze the harpy.
The harpy is lightly wounded.
The harpy claws you. The harpy closely misses you.
A harpy is nearby!
A harpy is nearby!
The harpy claws you!
A shower of butterflies erupts from you!
The harpy claws you but does no damage. The harpy barely misses your butterfly.
The harpy claws your butterfly.
Things that are here:
a +0 short sword; a stone A harpy is nearby!
You hit the harpy but do no damage.
The harpy is lightly wounded.
The harpy closely misses you. The harpy barely misses you.
You swap places.
The harpy screeches!
The harpy claws you! x2
* * * LOW HITPOINT WARNING * * *
Your body deteriorates!
You feel clumsy. The harpy claws you!
You die...
Xom thinks this is hilarious!

#...>....# ..
##.####........#
..
...............#
##.........#.#.#
..#..........#.#
#.......†###.#
#.....b......#
#....bb).#####
#....bb@.#
......bH..#
.#....?...#
#........#
#........#
########.# .# ##


You could see a harpy shaped shifter (ally target).

Vanquished Creatures
  An adder (D:2)
  A worm (D:2)
  2 dart slugs
  4 bats
  4 endoplasms (D:1)
  A giant cockroach (D:2)
  5 hobgoblins
  3 quokkas
  4 ball pythons
  A frilled lizard (D:1)
  5 goblins
  5 kobolds
  4 rats
40 creatures vanquished.

Notes
Turn   | Place    | Note
-------+----------+-------------------------------------------
     0 | D:1      | Lekart the Draconian Chaos Knight began the quest for the
                  | Orb.
     0 | D:1      | Reached XP level 1. HP: 19/19 MP: 1/1
   223 | D:1      | Found a faded altar of an unknown god.
   224 | D:1      | Noticed a great orb of eyes
   226 | D:1      | Noticed an eye of devastation
   226 | D:1      | Noticed a golden eye
   226 | D:1      | Noticed a golden eye
   231 | D:1      | Reached XP level 2. HP: 26/26 MP: 2/2
   232 | D:1      | XOM: smoke on damage
   240 | D:1      | XOM: silly message
   290 | D:1      | HP: 1/26 [something (1)]
   689 | D:1      | XOM: god gift: wand of paralysis (10)
  1031 | D:1      | XOM: scenery: create altars
  1113 | D:1      | XOM: give mutations
  1113 | D:1      | Gained mutation: You passively dampen the noise of your
                  | surroundings. [Xom's grace]
  1113 | D:1      | Gained mutation: Your system is resistant to poisons.
                  | (rPois) [Xom's grace]
  1298 | D:1      | Reached XP level 3. HP: 29/33 MP: 3/3
  1563 | D:2      | XOM: 2-stop teleportation journey
  1599 | D:2      | XOM: give mutations
  1599 | D:2      | Gained mutation: Your body sometimes deteriorates upon
                  | taking damage. [Xom's mischief]
  1599 | D:2      | Gained mutation: You are weak. (Str -2) [Xom's mischief]
  1599 | D:2      | Gained mutation: You are very weak. (Str -4) [Xom's
                  | mischief]
  1766 | D:2      | XOM: silly message
  1870 | D:2      | XOM: scenery: summon butterflies
  1876 | D:2      | Reached skill level 4 in Fighting
  1918 | D:2      | Noticed a shapeshifter
  1918 | D:2      | a kobold changed into a shapeshifter
  1918 | D:2      | Noticed a harpy
  1918 | D:2      | a shapeshifter changed into a harpy
  1920 | D:2      | XOM: butterfly on damage
  1922 | D:2      | HP: 1/33 [harpy (shapeshifter) (11)]
  1922 | D:2      | Mangled by a harpy (shapeshifter)

Illustrated notes

Levels and vault maps discovered:
D:1:      scummos_arrival_checkerplants, layout_basic,
          hellmonk_ecumenical_altar_watching_god
D:2:      layout_basic, uniq_sigmund

Skill      XL: |  1  2  3 |
---------------+----------+-----
Fighting       | 4 |  4.0
Long Blades    | |  3.7
Dodging        | |  2.8

Action                   || total
-------------------------++-------
Melee: Falchion          ||    97
       Tailslap          ||    10
Armor: Skin              ||    32
Dodge: Dodged            ||    89
       Rpst.: Falchion   ||    21

Table legend: (Time is in decaauts)
 A = Elapsed time spent in this place.
 B = Non-inter-level travel time spent in this place.
 C = Inter-level travel time spent in this place.
 D = Time resting spent in this place.
 E = Time spent auto-exploring this place.
 F = Levels seen in this place.
 G = Mean time per level.
                   A        B        C        D        E       F      G
               +--------+--------+--------+--------+--------+-----+--------+
         Total |   1937 |   1889 |     48 |    294 |   1311 |   2 |  968.5 |
       Dungeon |   1937 |   1889 |     48 |    294 |   1311 |   2 |  968.5 |
               +--------+--------+--------+--------+--------+-----+--------+

Top non-repeatable levels by time:
     D:1: 1487 daAuts
     D:2: 449 daAuts
